 Dungeon Crawl Stone Soup version 0.28-a0-1159-g27aa881441 (webtiles) character file.

Game seed: 17782794718904001826

22694 ducksouse the Carver (level 12, -15/103 (104) HPs)
             Began as a Minotaur Fighter on Dec 15, 2021.
             Was a High Priest of Okawaru.
             Engulfed by a fire crab's flame (27 damage)
             ... on level 3 of the Lair of Beasts.
             The game lasted 01:00:46 (13970 turns).

ducksouse the Carver (Minotaur Fighter)            Turns: 13970, Time: 01:00:47

HP:   -15/103 (104) AC: 23    Str: 31    XL:     12   Next: 65%
MP:   11/11         EV: 11    Int:  9    God:    Okawaru [*****.]
Gold: 709           SH:  6    Dex: 14    Spells: 11/11 levels left

rFire   . . .      SeeInvis .   z - +6 mace of Gehenna {flame, rF+}
rCold   + . .      Faith    .   c - +0 buckler
rNeg    . . .      Spirit   .   o - +3 plate armour of the Sea {rC+ Regen+ Str+3 Int+4}
rPois   +          Reflect  .   S - +1 hat {Stlth+}
rElec   +          Harm     .   B - +3 cloak of the Land of Plenty {rElec rF- Regen+}
rCorr   .          Rampage  .   h - +1 pair of gloves
Will    +....                   (no boots)
Stlth   ..........              (no amulet)
HPRegen 1.87/turn               O - ring of poison resistance
MPRegen 0.12/turn               a - +6 ring of strength

@: lightly drained
A: horns 2, retaliatory headbutt, talons 1, iridescent scales 1, deformed body,
strong-willed 1
a: Renounce Religion, Heroism, Finesse, Duel


You were on level 3 of the Lair of Beasts.
You worshipped Okawaru.
Okawaru was extremely pleased with you.
You visited 3 branches of the dungeon, and saw 15 of its levels.

You collected 897 gold pieces.
You spent 188 gold pieces at shops.

Inventory:

Hand Weapons
 z - the +6 mace of Gehenna (weapon) {flame, rF+}
   (You found it on level 11 of the Dungeon)

   It burns those it strikes, dealing additional fire damage.
   rF:        It protects you from fire.
 E - a +6 mace of freezing
 F - a +5 great sword of venom
Missiles
 l - 77 poisoned darts
 P - 7 curare-tipped darts
 R - 2 silver javelins (quivered)
Armour
 c - a +0 buckler (worn)
 h - a +1 pair of gloves (worn)
 o - the +3 plate armour of the Sea (worn) {rC+ Regen+ Str+3 Int+4}
   (You found it on level 11 of the Dungeon)

   Str:       It affects your strength (+3).
   Int:       It affects your intelligence (+4).
   rC:        It protects you from cold.
   Regen:     It increases your rate of health regeneration.
 B - the +3 cloak of the Land of Plenty (worn) {rElec rF- Regen+}
   (You found it on level 6 of the Dungeon)

   rF:        It makes you vulnerable to fire.
   rElec:     It insulates you from electricity.
   Regen:     It increases your rate of health regeneration.
 S - a +1 hat of stealth (worn)
 Z - a scarf of invisibility
Jewellery
 a - a +6 ring of strength (right hand)
 b - the ring of Suspected Treachery {Ice Drain Str+3 Int+3}
   (You acquired it on level 6 of the Dungeon)

   [ring of ice]

   It enhances your ice magic.
   Str:       It affects your strength (+3).
   Int:       It affects your intelligence (+3).
   rF:        It makes you vulnerable to fire.
   rC:        It protects you from cold.
   Drain:     It drains your maximum health when unequipped.
 n - a ring of fire
 q - a ring of protection from fire
 t - a +6 ring of strength
 v - the ring of Doli Cen {Drain rF+ rC+ rCorr Dex+2}
   (You acquired it on level 6 of the Dungeon)

   [ring of protection from cold]

   Dex:       It affects your dexterity (+2).
   rF:        It protects you from fire.
   rC:        It protects you from cold.
   rCorr:     It protects you from acid and corrosion.
   Drain:     It drains your maximum health when unequipped.
 H - a ring of positive energy
 L - a ring of magical power
 O - a ring of poison resistance (left hand)
 Q - a ring of see invisible
Wands
 g - a wand of polymorph (9)
 i - a wand of digging (4)
 u - a wand of acid (10)
 J - a wand of iceblast (14)
Scrolls
 j - a scroll of blinking
 k - 4 scrolls of magic mapping
 r - a scroll of fog {unknown}
 s - 2 scrolls of vulnerability
 I - a scroll of noise
Potions
 d - 2 potions of might
 e - a potion of resistance {unknown}
 f - a potion of magic
 m - a potion of mutation
 p - 4 potions of attraction
 A - 3 potions of lignification
 D - a potion of ambrosia {unknown}
 G - a potion of cancellation {unknown}
 K - a potion of brilliance {unknown}
 M - 2 potions of flight
 T - 2 potions of degeneration {unknown}
 X - a potion of haste {unknown}
 Y - a potion of berserk rage {unknown}
Miscellaneous
 N - a piece from Xom's chessboard (15/15)


   Skills:
 + Level 9.2 Fighting
 - Level 13.0 Long Blades
 * Level 8.3 Maces & Flails
 - Level 10.8 Polearms
 + Level 0.7 Throwing
 + Level 11.1 Armour
 * Level 7.3 Dodging
 + Level 2.1 Stealth
 * Level 7.7 Shields
 + Level 1.0 Invocations
 + Level 1.6 Evocations


You had 11 spell levels left.
You didn't know any spells.
Your spell library contained the following spells:

 Spells                   Type           Power      Damage    Failure   Level
 Foxfire                  Conj/Fire      0%         2x1d4     95%         1
 Blink                    Tloc           0%         N/A       98%         2
 Ensorcelled Hibernation  Hex/Ice        0%         N/A       98%         2
 Conjure Flame            Conj/Fire      0%         6-21      100%        3
 Dispel Undead            Necr           0%         3d6       100%        4
 Fireball                 Conj/Fire      0%         3d3       100%        5
 Manifold Assault         Tloc           0%         N/A       100%        5
 Starburst                Conj/Fire      0%         6d3       100%        6
 Storm Form               Tmut/Air       0%         N/A       100%        7
 Borgnjor's Revivificati  Necr           0%         N/A       100%        8
 Ignition                 Fire           0%         3d3       100%        8
 Necromutation            Tmut/Necr      0%         N/A       100%        8
 Death's Door             Necr           0%         N/A       100%        9
 Tukima's Dance           Hex            Unusable   N/A       N/A         3

Dungeon Overview and Level Annotations

Branches:
Dungeon (11/15)            Temple (1/1) D:6            Lair (3/6) D:8
  Snake (0/4) Lair:2          Orc (0/2) D:11
  Swamp: Lair:2-4    Shoals: Lair:2-4

Altars:
Ashenzari
Cheibriados
Dithmenos
Elyvilon
Fedhas
Gozag
Hepliaklqana
Kikubaaqudgha
Makhleb
Nemelex Xobeh
Okawaru
Qazlal
Ru
Sif Muna
Trog
Uskayaw
Vehumet
Wu Jian
Xom
Yredelemnul
Zin
The Shining One
Beogh

Shops:
D:4 (   D:6 *   D:11 *

Portals:
Trove: D:10 (give +5 demon whip)

Annotations:
Lair:2 exclusion: oklob plant


Innate Abilities, Weirdness & Mutations

You have a pair of horns on your head.
You reflexively headbutt those who attack you in melee.
You have sharp toenails.
You are partially covered in iridescent scales. (AC +2)
Armour fits poorly on your strangely shaped body.
You are strong-willed. (Will+)


Message History

You headbutt the fire crab, but do no damage.
The fire crab is almost dead.
The fire crab breathes flames at you.
The blast of flame engulfs you but does no damage.
Unknown command.
You closely miss the fire crab. You claw the fire crab.
You kill the fire crab!
Okawaru accepts your kill.
You are engulfed in blazing flames.
You are engulfed in blazing flames.
You see here a fire crab corpse.
A fire crab comes into view.
The fire crab breathes flames at you.
The blast of flame engulfs you but does no damage.
You sock the fire crab! Your kick misses the fire crab.
The fire crab is lightly wounded.
You are engulfed in blazing flames.
The fire crab breathes flames at you. The blast of flame engulfs you.
You sock the fire crab! Your kick misses the fire crab.
You headbutt the fire crab, but do no damage.
The fire crab is moderately wounded.
You are engulfed in blazing flames.
* * * LOW HITPOINT WARNING * * *
The fire crab bites you.
* * * LOW HITPOINT WARNING * * *
You are engulfed in flames!
* * * LOW HITPOINT WARNING * * *
You block the fire crab's attack.
You hit the fire crab but do no damage.
You headbutt the fire crab, but do no damage.
The fire crab is moderately wounded.
You are engulfed in blazing flames.
* * * LOW HITPOINT WARNING * * *
You barely miss the fire crab.
You claw the fire crab, but do no damage.
You headbutt the fire crab, but do no damage.
The fire crab is moderately wounded.
You are engulfed in blazing flames.
You die...

....####...........#####.#...#...
..................## ###...##..
....#.#.........P## ##..##..
....#####.....#.## #.##### .#.###
#####P#### ### # #....## ####..
......###### #÷# ..#.....##.# #t#
..........#### #@#
.............###.#
..............##.#
...##..#.......#†# ###
...#...........#.# #.#
.....<.........#.# #.#
...#...........#'# ############..
..#...##......○..###.............
......#.......°..#.#.............


You could see a fire crab.

Vanquished Creatures
  2 boulder beetles
  2 hydras
  A two-headed ogre (D:8)
  Sonja (Lair:3)
  A fire crab (Lair:3)
  An obsidian statue (D:11)
  An ugly thing (D:10)
  A black mamba (Lair:3)
  5 cane toads
  2 komodo dragons
  A rime drake (Lair:2)
  2 trolls
  5 blink frogs
  2 hornets
  Sigmund (D:6)
  2 shadows
  5 wyverns
  A wraith (D:10)
  Grum (D:10)
  25 yaks
  3 basilisks
  6 vampire mosquitoes (D:11)
  2 steam dragons (D:7)
  Edmund (D:6)
  6 nagas
  3 water moccasins
  An acid dragon (D:11)
  3 sky beasts (D:7)
  2 black bears
  3 orc warriors (D:9)
  6 ogres
  2 ice beasts
  A necrophage (D:4)
  14 wolves
  3 centaurs
  2 phantoms
  4 kobold brigands
  7 bullfrogs
  A gnoll sergeant (D:9)
  2 scorpions (D:5)
  3 killer bees (D:7)
  13 wights
  2 electric eels (Lair:1)
  A bullfrog zombie (D:6)
  3 centaur zombies
  3 hounds
  2 orc priests
  2 jellies
  A gnoll shaman (D:5)
  2 bullfrog skeletons
  An iguana (D:4)
  3 orc wizards
  A killer bee zombie (D:6)
  2 howler monkey zombies
  11 gnolls
  4 adders
  A shadow imp (D:5)
  13 white imps
  An ufetubus (D:7)
  2 dart slugs (D:1)
  27 orcs
  6 ball pythons
  2 endoplasms
  3 giant cockroaches
  10 goblins
  5 hobgoblins
  8 jackals
  18 kobolds
  4 quokkas
  A bat (D:3)
  4 frilled lizards
  5 rats
298 creatures vanquished.

Vanquished Creatures (others)
  5 fungi
  13 plants
18 creatures vanquished.

Grand Total: 316 creatures vanquished

Notes
Turn   | Place    | Note
-------+----------+-------------------------------------------
     0 | D:1      | ducksouse the Minotaur Fighter began the quest for the Orb.
     0 | D:1      | Reached XP level 1. HP: 19/19 MP: 0/0
    51 | D:1      | Reached XP level 2. HP: 21/27 MP: 1/1
   305 | D:1      | Found a faded altar of an unknown god.
   562 | D:1      | Reached XP level 3. HP: 31/33 MP: 2/2
   641 | D:1      | Reached skill level 3 in Long Blades
  1957 | D:3      | Reached XP level 4. HP: 38/40 MP: 3/3
  2234 | D:4      | Noticed a necrophage
  2237 | D:4      | Killed a necrophage
  2238 | D:4      | Reached skill level 4 in Long Blades
  2238 | D:4      | Reached skill level 5 in Armour
  2238 | D:4      | Reached skill level 1 in Dodging
  2238 | D:4      | Reached XP level 5. HP: 47/47 MP: 4/4
  2679 | D:4      | Found Voupnup's Antique Weapon Shoppe.
  2746 | D:4      | Reached XP level 6. HP: 49/53 MP: 5/5
  2827 | D:4      | Reached skill level 5 in Long Blades
  2827 | D:4      | Reached skill level 1 in Polearms
  2880 | D:5      | Entered Level 5 of the Dungeon
  3023 | D:5      | Reached XP level 7. HP: 19/60 MP: 6/6
  3440 | D:5      | Reached skill level 5 in Fighting
  3446 | D:5      | Reached skill level 5 in Polearms
  4097 | D:6      | Found a staircase to the Ecumenical Temple.
  4105 | D:6      | Reached skill level 1 in Stealth
  4105 | D:6      | Reached XP level 8. HP: 68/68 MP: 7/7
  4108 | Temple   | Entered the Ecumenical Temple
  4323 | Temple   | Became a worshipper of Warmaster Okawaru
  4643 | D:6      | Reached * piety under Okawaru
  4961 | D:6      | Noticed Sigmund
  4979 | D:6      | Killed Sigmund
  4996 | D:6      | Noticed Edmund
  5010 | D:6      | Killed Edmund
  5157 | D:6      | Found a large runed translucent door.
  5159 | D:6      | Found a large runed translucent door.
  5244 | D:6      | Identified the +3 cloak of the Land of Plenty {rElec rF-
                  | Regen+}
  5283 | D:6      | Reached skill level 5 in Shields
  5307 | D:6      | Found Gubiuhiu's Assorted Antiques.
  5316 | D:6      | Bought a scroll of identify for 52 gold pieces
  5316 | D:6      | Identified 2 scrolls of acquirement
  5318 | D:6      | Acquired the ring of Suspected Treachery {Ice Drain Str+3
                  | Int+3}
  5323 | D:6      | Acquired the ring of Doli Cen {Drain rF+ rC+ rCorr Dex+2}
  5455 | D:6      | Found an ancient bone altar of Kikubaaqudgha.
  5463 | D:6      | Reached XP level 9. HP: 75/75 MP: 8/8
  5467 | D:6      | Found a white marble altar of Elyvilon.
  5721 | D:7      | Reached ** piety under Okawaru
  5832 | D:7      | Reached skill level 10 in Polearms
  6141 | D:7      | Reached *** piety under Okawaru
  6202 | D:7      | Reached skill level 6 in Long Blades
  6475 | D:7      | Reached XP level 10. HP: 52/84 MP: 9/9
  6767 | D:8      | Reached skill level 7 in Long Blades
  6865 | D:8      | Noticed a two-headed ogre
  6878 | D:8      | Killed a two-headed ogre
  6878 | D:8      | Reached **** piety under Okawaru
  7026 | D:8      | Reached skill level 8 in Long Blades
  7078 | D:8      | Found a staircase to the Lair.
  8020 | D:9      | Reached skill level 9 in Long Blades
  8261 | D:9      | Found a radiant altar of Vehumet.
  8264 | D:9      | Found an opulent altar of Gozag.
  8302 | D:9      | Reached skill level 10 in Long Blades
  8306 | D:9      | Received a gift from Okawaru
  9030 | D:9      | Reached ***** piety under Okawaru
  9031 | D:9      | Reached XP level 11. HP: 67/94 MP: 10/10
  9282 | D:10     | Entered Level 10 of the Dungeon
  9287 | D:10     | Reached skill level 11 in Long Blades
  9785 | D:10     | Found a portal to a secret trove of treasure.
  9870 | D:10     | Noticed Grum
  9893 | D:10     | Killed Grum
  9930 | D:10     | Reached skill level 5 in Dodging
 10177 | D:10     | Reached skill level 10 in Armour
 10407 | D:11     | Noticed a white ugly thing
 10424 | D:10     | Killed a white ugly thing
 10424 | D:10     | Received a gift from Okawaru
 10460 | D:11     | Noticed an obsidian statue
 10477 | D:11     | Noticed a boulder beetle
 10490 | D:11     | Reached skill level 12 in Long Blades
 10505 | D:11     | Killed a boulder beetle
 10644 | D:11     | Found a staircase to the Orcish Mines.
 10760 | D:11     | Found Onkach's General Store.
 10766 | D:11     | Bought a potion of flight for 51 gold pieces
 10766 | D:11     | Bought a potion of heal wounds for 85 gold pieces
 10927 | D:11     | Noticed a seven-headed hydra
 10962 | D:11     | Killed a nine-headed hydra
 11158 | D:11     | Noticed a sixfirhy
 11173 | D:11     | Gained mutation: You are frail. (-10% HP) [a neqoxec]
 11175 | D:11     | Gained mutation: Your magical capacity is low. (-10% MP) [a
                  | neqoxec]
 11306 | D:11     | Noticed a sixfirhy
 11307 | D:11     | Identified the +3 plate armour of the Sea {rC+ Regen+ Str+3
                  | Int+4}
 11309 | D:11     | Noticed a sixfirhy
 11316 | D:11     | Killed an obsidian statue
 11317 | D:11     | Reached skill level 1 in Maces & Flails
 11317 | D:11     | Reached skill level 1 in Invocations
 11322 | D:11     | Identified the +6 mace of Gehenna {flame, rF+}
 11443 | Lair:1   | Entered Level 1 of the Lair of Beasts
 11444 | Lair:1   | Lost mutation: Your magical capacity is low. (-10% MP)
                  | [potion of mutation]
 11444 | Lair:1   | Lost mutation: You are frail. (-10% HP) [potion of
                  | mutation]
 11444 | Lair:1   | Gained mutation: You have sharp toenails. [potion of
                  | mutation]
 11444 | Lair:1   | Gained mutation: Armour fits poorly on your strangely
                  | shaped body. [potion of mutation]
 11444 | Lair:1   | Gained mutation: You are partially covered in iridescent
                  | scales. (AC +2) [potion of mutation]
 11444 | Lair:1   | Gained mutation: You are strong-willed. (Will+) [potion of
                  | mutation]
 11484 | Lair:1   | Found a frozen archway.
 11742 | Lair:1   | Identified the +6 quarterstaff "Emuetzol" {distort, Str+3}
 11812 | Lair:1   | Found a hide-covered altar of Uskayaw.
 11813 | Lair:1   | Noticed a boulder beetle
 11846 | Lair:1   | Killed a boulder beetle
 11847 | Lair:1   | Reached skill level 13 in Long Blades
 11861 | Lair:1   | Found an ornate altar of the Wu Jian Council.
 12222 | Lair:2   | Reached skill level 1 in Evocations
 12421 | Lair:2   | Reached XP level 12. HP: 100/103 MP: 11/11
 12437 | Lair:2   | Found a staircase to the Snake Pit.
 12566 | Lair:2   | Received a gift from Okawaru
 12568 | Lair:2   | Reached skill level 5 in Maces & Flails
 12571 | Lair:2   | Got Cown's Collected Works on Dark Heat
 13222 | Lair:3   | Noticed Sonja
 13249 | Lair:3   | Killed Sonja
 13390 | Lair:3   | Found a bloodstained altar of Trog.
 13496 | Lair:3   | Noticed a four-headed hydra
 13501 | Lair:3   | Killed a four-headed hydra
 13654 | Lair:3   | Found a runed translucent door.
 13970 | Lair:3   | Engulfed by a fire crab's flame

Illustrated notes

Levels and vault maps discovered:
D:1:      amcnicky_arrival_double_pillar, layout_loops_ring,
          ebering_ecumenical_altar_webs, minmay_misc_feat_enclosed,
          minmay_pentomino_s2
D:2:      layout_basic
D:3:      layout_rooms, hex_intersection
D:4:      layout_rooms, serial_shops, nicolae_inconvenience_store
D:5:      layout_rooms
D:6:      layout_gridville, jmf_multi_god_temple2, minmay_temple_entry_mist,
          nicolae_stop_n_shop_1, sigmund_edmund_badplayer
D:7:      layout_loops_ring, serial_rivers, chequers_serial_rivers_micro_a,
          chequers_serial_rivers_micro_e, chequers_serial_rivers_micro_b,
          chequers_serial_rivers_room_b, chequers_serial_rivers_marsh,
          hangedman_misty_isle
D:8:      layout_loops_ring, david_lair_shrubbed
D:9:      layout_gridville, mainiacjoe_overflow_catwalk_spiral, special_room
          [special_room_orc], nicolae_benzene_ring
D:10:     layout_cave_pods, trove_entry_hex_spiral, uniq_grum
D:11:     layout_gridville, orc_0_dummy, serial_shops, nicolae_diamond_shop,
          minivault_15
Temple:   dpeg_five_rooms_temple
Lair:1:   layout_gridlike, portal_ice_cave_entry_imps,
          nzn_masters_of_martial_movement, lemuel_fruit_tree,
          serial_bayou_shore_a
Lair:2:   layout_cave_pods, minmay_shoals_entry_hut,
          minmay_snake_entry_guardpost_medium, minmay_lair_oklob_bushes
Lair:3:   gammafunk_mikee_crab_dinner, layout_cave_pods, basic_altar,
          chequers_serial_rivers_micro_c, grunt_megastairs_4, uniq_sonja

Skill      XL: |  1  2  3  4  5  6  7  8  9 10 11 12 |
---------------+-------------------------------------+-----
Armour         | 4 5 6 7 9 10 11 | 11.1
Fighting       | 4 5 6 7 8 9 |  9.2
Long Blades    | 3 4 5 6 10 13 | 13.0
Shields        | 4 5 7 |  7.7
Dodging        | 1 2 4 6 7 |  7.3
Polearms       | 3 6 9 10 | 10.8
Stealth        | 1 2 |  2.1
Maces & Flails | 4 8 |  8.3
Invocations    | 1 |  1.0
Evocations     | 1 |  1.6
Throwing       | |  0.7

Action                   |  1- 3 |  4- 6 |  7- 9 | 10-12 || total
-------------------------+-------+-------+-------+-------++-------
Melee: Long sword        |    90 |    15 |       |       ||   105
       Headbutt          |    13 |    17 |    52 |   124 ||   206
       Spear             |       |    69 |   233 |       ||   302
       Great sword       |       |       |    27 |   219 ||   246
       Mace              |       |       |       |   251 ||   251
       Kick              |       |       |       |    95 ||    95
Throw: Dart              |     2 |       |       |     5 ||     7
       Javelin           |       |       |       |     3 ||     3
Invok: Heroism           |       |       |       |     6 ||     6
Evoke: Wand              |       |       |     4 |    14 ||    18
  Use: Scroll            |       |       |    12 |    20 ||    32
       Potion            |       |       |     3 |    12 ||    15
 Stab: Invisible         |       |       |       |     3 ||     3
Armor: Scale mail        |    47 |     9 |       |       ||    56
       Chain mail        |       |    19 |    92 |   107 ||   218
       Plate armour      |       |       |       |   335 ||   335
Dodge: Dodged            |    41 |    17 |    63 |   341 ||   462
Block: Buckler           |    18 |    10 |    33 |    75 ||   136

Table legend: (Time is in decaauts)
 A = Elapsed time spent in this place.
 B = Non-inter-level travel time spent in this place.
 C = Inter-level travel time spent in this place.
 D = Time resting spent in this place.
 E = Time spent auto-exploring this place.
 F = Levels seen in this place.
 G = Mean time per level.
                   A        B        C        D        E       F      G
               +--------+--------+--------+--------+--------+-----+--------+
         Total |  14044 |  13064 |    980 |   1106 |   7688 |  15 |  936.3 |
       Dungeon |  11195 |  10330 |    865 |    944 |   6060 |  11 | 1017.7 |
        Temple |    273 |    214 |     59 |      0 |    196 |   1 |  273.0 |
          Lair |   2574 |   2518 |     56 |    162 |   1432 |   3 |  858.0 |
               +--------+--------+--------+--------+--------+-----+--------+

Top non-repeatable levels by time:
     D:9: 1538 daAuts
     D:6: 1296 daAuts
     D:5: 1210 daAuts
    D:10: 1185 daAuts
     D:8: 1116 daAuts
     D:7: 996 daAuts
    D:11: 943 daAuts
  Lair:1: 940 daAuts
  Lair:3: 900 daAuts
     D:2: 890 daAuts
     D:1: 786 daAuts
  Lair:2: 733 daAuts
     D:4: 649 daAuts
     D:3: 582 daAuts
  Temple: 273 daAuts
